 Dungeon Crawl Stone Soup version 0.31-a0-233-g139696dc86 (webtiles) character file.

Game seed: 11199054351199481163

100 qw the Shooter (level 4, -1/36 HPs)
             Began as a Minotaur Hexslinger on July 7, 2023.
             Slain by an orc
             ... wielding a +0 dagger
              (3 damage)
             ... on level 2 of the Dungeon.
             The game lasted 00:00:24 (1096 turns).

qw the Shooter (Minotaur Hexslinger)                Turns: 1096, Time: 00:00:24

Health: -1/36      AC:  3    Str: 12    XL:     4   Next: 46%
Magic:  4/4        EV: 12    Int: 10    God:
Gold:   39         SH:  0    Dex: 15    Spells: 4/5 levels left

rFire   . . .        Y - +1 sling
rCold   . . .        (no shield)
rNeg    . . .        f - +0 leather armour
rPois   .            (helmet restricted)
rElec   .            (no cloak)
rCorr   .            (no gloves)
SInv    .            (no boots)
Will    .....        (no amulet)
Stlth   +            (no ring)
HPRegen 0.26/turn    (no ring)
MPRegen 0.09/turn

%: no passive effects
@: no status effects
A: horns 2, retaliatory headbutt
a: no special abilities


You were on level 2 of the Dungeon.
You visited 1 branch of the dungeon, and saw 2 of its levels.

You collected 39 gold pieces.


Innate Abilities, Weirdness & Mutations

You have a pair of horns on your head.
You reflexively headbutt those who attack you in melee.


   Skills:
 + Level 2.0 Fighting
 - Level 5.0 Ranged Weapons
 - Level 2.1 Dodging
 - Level 1.0 Spellcasting
 - Level 2.0 Hexes


You had 4 spell levels left.
You knew the following spells:

 Your Spells              Type           Power      Damage    Failure   Level
a - Slow                  Hex            16%        N/A       19%         1

Your spell library contained the following spells:

 Spells                   Type           Power      Damage    Failure   Level
 Inner Flame              Hex/Fire       2%         N/A       65%         3
 Portal Projectile        Hex/Tloc       4%         N/A       65%         3
 Cause Fear               Hex            2%         N/A       88%         4

Inventory:

Hand Weapons
 Y - a +1 sling (weapon)
Armour
 f - a +0 leather armour (worn)
Scrolls
 e - 2 scrolls of identify
Potions
 g - a potion of cancellation
 i - 2 potions of curing

Dungeon Overview and Level Annotations

Branches:
Dungeon (2/15)

Altars:


Message History

You kill the goblin!
You shoot a sling bullet.
The sling bullet closely misses the goblin. x2
The goblin closely misses you. x2
You shoot a sling bullet.
The sling bullet closely misses the goblin.
The goblin closely misses you. The goblin barely misses you.
The goblin hits you with a +0 dagger.
You shoot a sling bullet. The sling bullet hits the goblin!
You kill the goblin!
An orc comes into view. It is wielding a +0 dagger.
The goblin hits you but does no damage. Robin throws the goblin at you!
The goblin barely misses you.
You shoot a sling bullet. The sling bullet hits the goblin.
You kill the goblin!
The goblin barely misses you.
You shoot a sling bullet. The sling bullet barely misses Robin.
The goblin completely misses you. Robin throws the goblin at you!
The goblin barely misses you. Robin hits you with a +4 club!
You shoot a sling bullet. The sling bullet hits Robin!
Robin is moderately wounded.
The goblin hits you with a +0 dagger. Robin hits you with a +4 club.
You shoot a sling bullet. The sling bullet hits Robin.
Robin is heavily wounded.
The goblin barely misses you. Robin hits you with a +4 club.
You shoot a sling bullet. The sling bullet hits Robin.
Robin is heavily wounded.
The goblin hits you with a +0 dagger. Robin completely misses you.
You shoot a sling bullet. The sling bullet hits Robin.
Robin is heavily wounded.
The goblin hits you but does no damage. Robin misses you.
You furiously retaliate!
You headbutt Robin. You shoot a sling bullet. The sling bullet hits Robin.
You kill Robin!
The goblin hits you but does no damage. x2; The orc completely misses you.
Your Ranged Weapons skill increases to level 5!
You shoot a sling bullet. The sling bullet hits the orc.
The orc is heavily wounded.
The goblin hits you with a +0 dagger. The orc hits you with a +0 dagger.
You die...

................
#.##....########
...+....'...#
#.##....###.#
#<......#.#
#.#####.#.#
#.......#.#
#......##)#.#...
#......g@).....#
##.....##o#.....
#.....# ... #.#
#.....# ...#
#.....# ?..#
#.....# ...#
####### .#.#
.#.#


You could see an orc and a goblin (strong).

Vanquished Creatures
  Natasha (twice) (D:2 D:1)
  Robin (D:2)
  A bat (D:1)
  6 endoplasms
  10 goblins
  2 hobgoblins
  A kobold (D:1)
  2 quokkas (D:1)
  4 ball pythons (D:1)
  A frilled lizard (D:1)
  4 rats (D:1)
34 creatures vanquished.

Notes
Turn   | Place    | Note
-------+----------+-------------------------------------------
     0 | D:1      | qw the Minotaur Hexslinger began the quest for the Orb.
     0 | D:1      | Reached XP level 1. HP: 16/16 MP: 1/1
     0 | D:1      | 0 ||| qw: Version: 0.3-a-46-gb1f654a
     0 | D:1      | 0 ||| qw: Game counter: 3213
     0 | D:1      | 0 ||| qw: Melee chars always use a shield: true
     0 | D:1      | 0 ||| qw: God list: Okawaru
     0 | D:1      | 0 ||| qw: Allow faded altars: false
     0 | D:1      | 0 ||| qw: Do Orc after clearing Dungeon:15 true
     0 | D:1      | 0 ||| qw: Do second Lair branch before Depths: true
     0 | D:1      | 0 ||| qw: Lair rune preference: random
     0 | D:1      | 0 ||| qw: Goals: Normal
     0 | D:1      | 0 ||| PLANNING D:1-11
   163 | D:1      | Reached skill level 3 in Ranged Weapons
   241 | D:1      | Reached XP level 2. HP: 23/23 MP: 2/2
   796 | D:1      | 796 ||| UPGRADING to +0 leather armour.
   806 | D:1      | 806 ||| DROPPING +0 robe.
   807 | D:1      | 807 ||| READING scroll labelled EQEPHA NUETOVVO.
   808 | D:1      | 808 ||| READING 4 scrolls labelled ZADOIRGHUTE.
   809 | D:1      | 809 ||| READING scroll labelled AMMUMNAWEG.
   810 | D:1      | 810 ||| DRINKING 3 glowing silvery potions.
   811 | D:1      | 811 ||| READING 3 scrolls of identify.
   811 | D:1      | 811 ||| IDENTIFYING clear potion
   812 | D:1      | 812 ||| DROPPING scroll of poison.
   857 | D:2      | Noticed Natasha
   867 | D:2      | HP: 5/24 [cerulean imp/+0 spear[Natasha] (3)]
   868 | D:2      | HP: 2/24 [cerulean imp/+0 spear[Natasha] (4)]
   869 | D:2      | Killed Natasha
   870 | D:2      | Reached skill level 4 in Ranged Weapons
   870 | D:2      | Reached XP level 3. HP: 2/29 MP: 3/3
   938 | D:2      | Noticed Natasha
   939 | D:2      | 939 ||| FLEEEEING.
   940 | D:2      | 940 ||| STAIRDANCE
   984 | D:2      | 984 ||| STAIRDANCE
  1006 | D:2      | 1006 ||| STAIRDANCE
  1031 | D:2      | 1031 ||| STAIRDANCE
  1034 | D:1      | Killed Natasha
  1035 | D:1      | Reached XP level 4. HP: 32/36 MP: 4/4
  1078 | D:2      | Noticed Robin
  1091 | D:2      | HP: 9/36 [Robin/+4 club (5)]
  1095 | D:2      | Killed Robin
  1096 | D:2      | Reached skill level 5 in Ranged Weapons
  1096 | D:2      | HP: 2/36 [goblin/+0 dagger[Robin] (4)]
  1096 | D:2      | Slain by an orc

Levels and vault maps discovered:
D:1:      heliophobic_arrival_ceremonial_halls, layout_basic
D:2:      layout_basic, uniq_sigmund, uniq_robin, uniq_natasha, uniq_jessica

Skill      XL: |  1  2  3  4 |
---------------+-------------+-----
Ranged Weapons | 3 4 5 |  5.0
Fighting       | 2 |  2.0
Dodging        | |  2.1
Spellcasting   | |  1.0
Hexes          | |  2.0

Action                     |  1- 3 |  4- 6 || total
---------------------------+-------+-------++-------
   Fire: Sling             |    73 |    20 ||    93
    Use: Scroll            |     4 |       ||     4
         Potion            |     1 |       ||     1
 Armour: Robe              |     1 |       ||     1
         Leather armour    |     3 |     6 ||     9
  Dodge: Dodged            |    25 |    24 ||    49

Table legend:
 A = Non-vault XP
 B = Vault XP
 C = Vault XP percentage of total XP
 D = Non-vault monster count
 E = Vault monster count
 F = Vault count percentage of total count
                 A         B        C        D         E       F
            +---------+---------+-------+---------+---------+-------
      Total |      70 |      73 |  51.0 |      22 |      12 |  35.3
            +---------+---------+-------+---------+---------+-------
        D:1 |      68 |       0 |   0.0 |      21 |       0 |   0.0
        D:2 |       2 |      73 |  97.3 |       1 |      12 |  92.3
            +---------+---------+-------+---------+---------+-------
